 Dungeon Sprint DCSS version 0.27-a0-1256-gced786f65e (webtiles) character file.

Game seed: 2959630872380070755

265 mhtbhm the Grappler (level 6, -8/60 HPs)
             Began as a Ghoul Monk on June 11, 2021.
             Was a Believer of Okawaru.
             Mangled by a queen bee (14 damage)
             ... in the Dungeon (Sprint IV: "Fedhas' Mad Dash").
             The game lasted 00:01:33 (2918 turns).

mhtbhm the Grappler (Ghoul Monk)                    Turns: 2918, Time: 00:01:33

Health: -8/60      AC:  2    Str: 17    XL:     6   Next: 20%
Magic:  5/5        EV: 14    Int:  5    God:    Okawaru [**....]
Gold:   77         SH:  0    Dex: 11    Spells: 5/5 levels left

rFire    . . .     SeeInvis .     - Unarmed
rCold    + . .     Faith    .   (no shield)
rNeg     + + +     Spirit   .   a - +0 robe
rPois    ∞         Reflect  .   (no helmet)
rElec    .         Harm     .   (no cloak)
rCorr    .         Rampage  .   (no gloves)
Will     .....     NoTele   +   (no boots)
Stlth    +++.......             h - amulet of invisibility {+Inv}
HPRegen  0.00/turn              (no ring)
MPRegen  0.09/turn              (no ring)

@: hasted, very quick
A: claws 1, cold resistance 1, negative energy resistance 3, inhibited
regeneration, torment resistance 2
a: Renounce Religion, Evoke Invisibility, Heroism


You were in the Dungeon.
You worshipped Okawaru.
Okawaru was pleased with you.
You visited 1 branch You collected 77 gold pieces.

Inventory:

Missiles
 i - 11 poisoned darts (quivered)
Armour
 a - a +0 robe (worn)
Jewellery
 h - the amulet of invisibility (around neck) {+Inv}
   (You found it in the Dungeon)

   [amulet of nothing]

   It lets you turn invisible.
Potions
 b - a potion of curing
 e - 2 potions of magic
 g - a potion of flight {unknown}


   Skills:
 + Level 7.4 Fighting
 + Level 6.4 Dodging
 + Level 5.4 Stealth
 + Level 8.5 Unarmed Combat
 + Level 2.0 Evocations


You had 5 spell levels left.
You didn't know any spells.
Your spell library was empty.

Dungeon Overview and Level Annotations

Branches:
Dungeon (1/1)

Altars:
Cheibriados
Dithmenos
Elyvilon
Gozag
Hepliaklqana
Kikubaaqudgha
Makhleb
Nemelex Xobeh
Okawaru
Qazlal
Ru
Sif Muna
Trog
Uskayaw
Vehumet
Wu Jian
Xom
Yredelemnul
Zin
The Shining One
Beogh
Jiyva
Lugonu

Annotations:
D exclusion: oklob sapling


Innate Abilities, Weirdness & Mutations

You thrive by killing the living.
You are immune to poison.
You have sharp fingernails.
Your flesh is cold resistant. (rC+)
You are immune to negative energy. (rN+++)
You do not regenerate when monsters are visible.
You are immune to unholy pain and torment.


Message History

The killer bee misses you.
You barely miss the queen bee. The killer bee misses you.
The killer bee closely misses you.
You claw the queen bee!
The queen bee is moderately wounded.
The killer bee stings you.
The queen bee calls on the killer bee to defend it!
The killer bee goes berserk!
The killer bee barely misses you.
You are too injured to fight recklessly!
You are too injured to fight recklessly!
You are too injured to fight recklessly!
You are too injured to fight recklessly!
You are too injured to fight recklessly!
You are too injured to fight recklessly!
You are too injured to fight recklessly!
You are too injured to fight recklessly!
You are too injured to fight recklessly!
You are too injured to fight recklessly!
You are too injured to fight recklessly!
You are too injured to fight recklessly!
You are too injured to fight recklessly!
You feel much better. The killer bee stings you.
The killer bee barely misses you.
You feel yourself speed up. The killer bee stings you!
The killer bee stings you. The killer bee closely misses you.
You miss the killer bee. The killer bee barely misses you.
The queen bee stings you!
You closely miss the killer bee. The killer bee barely misses you. x2
You miss the killer bee. The killer bee closely misses you.
The queen bee misses you.
You claw the killer bee!
The killer bee is heavily wounded.
The killer bee barely misses you. The killer bee stings you!
* * * LOW HITPOINT WARNING * * *
Unknown command.
Unknown command.
You miss the killer bee.
The killer bee is moderately wounded.
The killer bee closely misses you. The queen bee stings you!
You die...

###############################
#<..P#.....#.....#.⌠._._._._.⌠.
#PP..'.....'.#...'.._._._._._..
#PPPP#.....#.#...#..._._._._...
###############'##.._._._._._..
♣.y.....yy@..#._._._._._.⌠.
#......♣.....#y..##############
#.....♣..♣..######
##+####+#####


You could see a queen bee and 2 killer bees.

Vanquished Creatures
  A scorpion (D)
  2 killer bees (D)
  3 oklob saplings (D)
  A river rat (D)
  A rat (D)
8 creatures vanquished.

Notes
Turn   | Place    | Note
-------+----------+-------------------------------------------
     0 | D        | mhtbhm the Ghoul Monk began the quest for the Orb.
     0 | D        | Reached XP level 1. HP: 19/19 MP: 0/0
    17 | D        | Reached skill level 4 in Unarmed Combat
    17 | D        | Reached XP level 2. HP: 13/27 MP: 1/1
   278 | D        | Noticed an oklob sapling
   278 | D        | Noticed a scorpion
   787 | D        | Killed a scorpion
   788 | D        | Reached skill level 5 in Fighting
   788 | D        | Reached skill level 5 in Unarmed Combat
   788 | D        | Reached XP level 3. HP: 19/37 MP: 2/2
   788 | D        | Reached XP level 4. HP: 22/44 MP: 3/3
  1248 | D        | Reached skill level 5 in Dodging
  1248 | D        | Reached skill level 6 in Unarmed Combat
  1441 | D        | Found the amulet of invisibility {+Inv}
  1469 | D        | Found an opulent altar of Gozag.
  1469 | D        | Found a hazy altar of Hepliaklqana.
  1469 | D        | Found a burning altar of Makhleb.
  1469 | D        | Found a sparkling altar of Nemelex Xobeh.
  1469 | D        | Found a snail-covered altar of Cheibriados.
  1469 | D        | Found a sacrificial altar of Ru.
  1469 | D        | Found a shimmering blue altar of Sif Muna.
  1469 | D        | Found a shimmering altar of Xom.
  1469 | D        | Found a basalt altar of Yredelemnul.
  1470 | D        | Found a viscous altar of Jiyva.
  1470 | D        | Found a bloodstained altar of Trog.
  1470 | D        | Found an ornate altar of the Wu Jian Council.
  1470 | D        | Noticed an oklob sapling priest
  1471 | D        | Found an iron altar of Okawaru.
  1471 | D        | Found a shadowy altar of Dithmenos.
  1472 | D        | Found an ancient bone altar of Kikubaaqudgha.
  1472 | D        | Found a hide-covered altar of Uskayaw.
  1473 | D        | Found a stormy altar of Qazlal.
  1474 | D        | Found a corrupted altar of Lugonu.
  1474 | D        | Found a radiant altar of Vehumet.
  1484 | D        | Killed an oklob sapling priest
  1485 | D        | Reached skill level 7 in Unarmed Combat
  1485 | D        | Reached XP level 5. HP: 5/51 MP: 2/4
  1759 | D        | Became a worshipper of Warmaster Okawaru
  1759 | D        | Reached * piety under Okawaru
  1759 | D        | Reached ** piety under Okawaru
  2604 | D        | Noticed a queen bee
  2618 | D        | Reached skill level 8 in Unarmed Combat
  2618 | D        | Reached skill level 1 in Evocations
  2622 | D        | Reached skill level 5 in Stealth
  2622 | D        | Reached XP level 6. HP: 41/60 MP: 1/5
  2918 | D        | Mangled by a queen bee

Illustrated notes

Levels and vault maps discovered:
D:        dungeon_sprint_fedhas [sprint_temple]

Skill      XL: |  1  2  3  4  5 |
---------------+----------------+-----
Fighting       | 4 5 6 7 |  7.4
Dodging        | 3 4 5 6 |  6.4
Unarmed Combat | 4 5 7 8 |  8.5
Stealth        | 3 5 |  5.4
Evocations     | 2 |  2.0

Action                   |  1- 3 |  4- 6 || total
-------------------------+-------+-------++-------
Melee: Unarmed           |    17 |    49 ||    66
       Punch             |     1 |     1 ||     2
Invok: Heroism           |       |     1 ||     1
 Abil: Evoke Invisibilit |       |     3 ||     3
  Use: Potion            |       |     2 ||     2
       Scroll            |       |     1 ||     1
 Stab: Invisible         |       |     6 ||     6
Armor: Robe              |     1 |     5 ||     6
Dodge: Dodged            |     7 |    42 ||    49

Table legend: (Time is in decaauts)
 A = Elapsed time spent in this place.
 B = Non-inter-level travel time spent in this place.
 C = Inter-level travel time spent in this place.
 D = Time resting spent in this place.
 E = Time spent auto-exploring this place.
 F = Levels seen in this place.
 G = Mean time per level.
                   A        B        C        D        E       F      G
               +--------+--------+--------+--------+--------+-----+--------+
         Total |   2907 |   2907 |      0 |   2701 |      0 |   1 | 2907.0 |
       Dungeon |   2907 |   2907 |      0 |   2701 |      0 |   1 | 2907.0 |
               +--------+--------+--------+--------+--------+-----+--------+

Top non-repeatable levels by time:
       D: 2907 daAuts
